 Dungeon Crawl Stone Soup version 0.28.0-43-g3370ac3207 (webtiles) character file.

Game seed: 580609236591316947

97 cbfl8 the Sneak (level 4, -1/41 HPs)
             Began as a Minotaur Delver on Mar 2, 2022.
             Slain by a scorpion zombie (6 damage)
             ... on level 2 of the Dungeon.
             The game lasted 00:01:55 (1023 turns).

cbfl8 the Sneak (Minotaur Delver)                   Turns: 1023, Time: 00:02:00

Health: -1/41      AC:  3    Str: 18    XL:     4   Next: 42%
Magic:  3/3        EV: 12    Int:  7    God:
Gold:   67         SH:  0    Dex: 12    Spells: 3/3 levels left

rFire   . . .      SeeInvis .   j - +0 flail
rCold   . . .      Faith    .   (no shield)
rNeg    . . .      Spirit   .   b - +0 leather armour
rPois   .          Reflect  .   (helmet restricted)
rElec   .          Harm     .   (no cloak)
rCorr   .          Rampage  .   (no gloves)
Will    .....                   (no boots)
Stlth   +++.......              (no amulet)
HPRegen 0.13/turn               (no ring)
MPRegen 0.08/turn               (no ring)

@: no status effects
A: horns 2, retaliatory headbutt
a: no special abilities


You were on level 2 of the Dungeon.
You visited 1 branch of the dungeon, and saw 4 of its levels.

You collected 67 gold pieces.

Inventory:

Hand Weapons
 a - a +0 hand axe
 j - a +0 flail (weapon)
Armour
 b - a +0 leather armour (worn)
Wands
 g - a wand of digging (3)
Scrolls
 c - a scroll of fog
 e - a scroll of fear
 h - a scroll of immolation {unknown}
 i - 2 scrolls of identify {unknown}
Potions
 d - a potion of might {unknown}
 f - a potion of haste
 k - a potion of ambrosia {unknown}


   Skills:
 + Level 4.4 Fighting
 + Level 2.6(2.7) Axes
 + Level 0.4(1.7) Maces & Flails
 + Level 0.8 Armour
 + Level 2.5 Dodging
 + Level 5.0 Stealth


You had 3 spell levels left.
You didn't know any spells.
Your spell library contained the following spells:

 Spells                   Type           Power      Damage    Failure   Level
 Magic Dart               Conj           0%         1d3       50%         1
 Sting                    Tmut/Pois      0%         1d3       50%         1
 Call Imp                 Summ           0%         N/A       63%         2
 Poisonous Vapours        Pois/Air       0%         N/A       63%         2
 Mephitic Cloud           Conj/Pois/Air  0%         N/A       86%         3
 Olgreb's Toxic Radiance  Pois           0%         N/A       99%         4
 Conjure Ball Lightning   Conj/Air       0%         3x3d6     100%        6
 Discord                  Hex            0%         N/A       100%        8
 Disjunction              Tloc           0%         N/A       100%        8


Dungeon Overview and Level Annotations

Branches:
Dungeon (5/15)
 Temple: D:4-7

Altars:


Innate Abilities, Weirdness & Mutations

You have a pair of horns on your head.
You reflexively headbutt those who attack you in melee.


Message History

The hound skeleton closely misses you. The jackal closely misses you.
The hound skeleton bites you. The scorpion zombie hits you.
The jackal bites you but does no damage.
You hit the jackal.
The jackal is almost dead.
The hound skeleton barely misses you. The jackal barely misses you.
The jackal closely misses you. The jackal completely misses you.
The scorpion zombie closely misses you. The jackal closely misses you.
The jackal bites you.
Unknown command.
You hit the jackal.
The jackal is almost dead.
The jackal closely misses you. The scorpion zombie hits you.
The jackal closely misses you. You furiously retaliate!
You headbutt the jackal.
You kill the jackal!
The jackal bites you but does no damage.
The ball python closely misses you. The ball python barely misses you.
The jackal closely misses you. The scorpion zombie misses you.
You thump the jackal!
You kill the jackal!
The jackal barely misses you. The ball python barely misses you.
You furiously retaliate!
You headbutt the ball python.
You kill the ball python!
The hound skeleton bites you.
The jackal bites you but does no damage.
The scorpion zombie hits you. The jackal completely misses you.
The scorpion zombie hits you.
* * * LOW HITPOINT WARNING * * *
The hound skeleton closely misses you. You furiously retaliate!
You headbutt the hound skeleton, but do no damage.
You see here a jackal corpse.
You barely miss the scorpion zombie. You headbutt the scorpion zombie.
The scorpion zombie is moderately damaged.
The jackal misses you. The hound skeleton bites you.
* * * LOW HITPOINT WARNING * * *
The jackal bites you.
* * * LOW HITPOINT WARNING * * *
The scorpion zombie hits you.
You die...

.... ... ##.###
#....# .##
#..>.#
...?##....#
........###
........Z$######
.......Z@h......
..8.............
..........#####.
..........#
.#.........
#..........
.........##..
##.......# #..


You could see a scorpion zombie, a jackal and a hound skeleton.

Vanquished Creatures
  Natasha (thrice) (D:3)
  An adder (D:3)
  A bat (D:3)
  2 endoplasms
  2 goblins (D:4)
  3 jackals (D:2)
  2 ball pythons
  A kobold (D:3)
15 creatures vanquished.

Vanquished Creatures (others)
  A fungus (D:3)
  A withered plant (D:2)
2 creatures vanquished.

Grand Total: 17 creatures vanquished

Notes
Turn   | Place    | Note
-------+----------+-------------------------------------------
     0 | D:5      | cbfl8 the Minotaur Delver began the quest for the Orb.
     0 | D:5      | Reached XP level 1. HP: 19/19 MP: 0/0
    22 | D:5      | Noticed a necrophage
   377 | D:3      | Reached XP level 2. HP: 15/27 MP: 1/1
   571 | D:3      | Noticed Natasha
   575 | D:3      | Killed Natasha
   576 | D:3      | Reached XP level 3. HP: 20/33 MP: 2/2
   588 | D:3      | Noticed Natasha
   807 | D:3      | Killed Natasha
   900 | D:3      | Noticed Natasha
   906 | D:3      | Killed Natasha
   907 | D:3      | Reached skill level 5 in Stealth
   907 | D:3      | Reached XP level 4. HP: 36/41 MP: 3/3
  1023 | D:2      | Slain by a scorpion zombie

Illustrated notes

Levels and vault maps discovered:
D:2:      layout_rooms, serial_undead, serial_undead_b, serial_undead_f,
          serial_undead_a, serial_undead_e, serial_undead_f, serial_undead_c,
          serial_undead_d, serial_undead_e
D:3:      layout_basic, shapermc_ecumenical_altar_petra, grunt_ministairs_10,
          uniq_crazy_yiuf_cottage, uniq_natasha, uniq_robin, uniq_sigmund
D:4:      layout_rooms, mainiacjoe_overflow_six_doors_small,
          minmay_temple_entry_statues_fountains
D:5:      layout_rooms, minmay_misc_feat_columns, patterned_corridor

Skill      XL: |  1  2  3 |
---------------+----------+-----
Fighting       | 4 |  4.4
Stealth        | 5 |  5.0
Axes           | |  2.6
Maces & Flails | |  0.4
Armour         | |  0.8
Dodging        | |  2.5

Action                   |  1- 3 |  4- 6 || total
-------------------------+-------+-------++-------
Melee: Hand axe          |     8 |       ||     8
       Flail             |    15 |     8 ||    23
       Headbutt          |     2 |     3 ||     5
  Use: Scroll            |     1 |       ||     1
 Stab: Sleeping          |     1 |       ||     1
Armor: Leather armour    |     6 |     9 ||    15
Dodge: Dodged            |    15 |    27 ||    42
